 Dungeon Crawl Stone Soup version 0.28.0-43-g3370ac3207 (webtiles) character file.

Game seed: 7843956864148283787

44 pkoi the Insei (level 3, 0/31 HPs)
             Began as a Draconian Monk on Mar 15, 2022.
             Succumbed to an adder's poison
             ... on level 2 of the Dungeon.
             The game lasted 00:01:19 (1414 turns).

pkoi the Insei (Draconian Monk)                     Turns: 1414, Time: 00:01:20

Health: 0/31       AC:  5    Str: 10 (13) XL:     3   Next: 39%
Magic:  3/3        EV: 12    Int: 11 (12) God:
Gold:   68         SH:  0    Dex: 11 (13) Spells: 2/2 levels left

rFire   . . .      SeeInvis .     - Unarmed
rCold   . . .      Faith    .   (no shield)
rNeg    . . .      Spirit   .   (armour unavailable)
rPois   .          Reflect  .   (helmet restricted)
rElec   .          Harm     .   (no cloak)
rCorr   .          Rampage  .   (no gloves)
Will    .....                   (no boots)
Stlth   ++........              (no amulet)
HPRegen 0.10/turn               (no ring)
MPRegen 0.08/turn               (no ring)

@: lethally poisoned (0 -> -5)
A: AC +5, unfitting armour, cold-blooded
a: no special abilities


You were on level 2 of the Dungeon.
You visited 1 branch of the dungeon, and saw 2 of its levels.

You collected 68 gold pieces.

Inventory:

Scrolls
 a - 2 scrolls of teleportation {unknown}
 b - a scroll of fog {unknown}
 d - 3 scrolls of identify {unknown}
 f - a scroll of acquirement {unknown}
Potions
 e - a potion of heal wounds {unknown}


   Skills:
 - Level 3.2 Fighting
 - Level 2.6 Dodging
 - Level 1.7 Stealth
 + Level 4.5 Unarmed Combat


You had 2 spell levels left.
You didn't know any spells.
Your spell library was empty.

Dungeon Overview and Level Annotations

Branches:
Dungeon (2/15)

Altars:

Shops:
D:1 :


Innate Abilities, Weirdness & Mutations

Your plain brown scales are hard. (AC +5)
You cannot fit into any form of body armour.
You are cold-blooded and may be slowed by cold attacks.


Message History

The quokka barely misses you.
You barely miss the quokka.
The quokka is lightly wounded.
The quokka barely misses you.
You hit the quokka.
You kill the quokka!
The adder bites you.
* * * LOW HITPOINT WARNING * * *
You are poisoned.
The adder poisons you!
You closely miss the adder.
You feel sick. The adder closely misses you.
You closely miss the adder. You tail-slap the adder.
The adder is moderately wounded.
You feel sick. The adder misses you.
You completely miss the adder.
The adder is moderately wounded.
You feel sick. The adder bites you.
* * * LOW HITPOINT WARNING * * *
You are lethally poisoned!
The adder poisons you!
You miss the adder.
The adder is moderately wounded.
* * * LOW HITPOINT WARNING * * *
You feel sick. The adder bites you but does no damage.
You barely miss the adder.
The ball python hisses angrily.
Your tail-slap misses the adder.
The adder is moderately wounded.
* * * LOW HITPOINT WARNING * * *
You feel sick. The adder bites you but does no damage.
You closely miss the adder.
The adder is moderately wounded.
* * * LOW HITPOINT WARNING * * *
You feel sick. The adder barely misses you.
The adder bites you but does no damage.
Unknown command.
It was a potion of degeneration.
There was something very wrong with that liquid.
You feel weakened.
You feel dopey.
You feel clumsy.
You die...

.)....# #..... #.#..# .
#.#..# .. #....# ♣P.♣
...#.#....#.P.♣
#.#....S....♣ #
#.#######...♣ #. #.#
#.@S.S..♣ #.. #.#
#.###...# ....
#.###.......♣
##...##.#^..........
.............>....♣♣P♣
###########.#.........♣
.
..............#.#.###.#
.#####......#.#..... ..
.# #.+......#.#.#.###


You could see an adder and a ball python.

Vanquished Creatures
  2 adders (D:2)
  A dart slug (D:2)
  A ball python (D:2)
  A bat (D:1)
  An endoplasm (D:1)
  2 giant cockroaches
  3 goblins
  2 hobgoblins (D:1)
  2 quokkas
  2 frilled lizards
  4 kobolds
  A rat (D:2)
22 creatures vanquished.

Vanquished Creatures (others)
  12 plants (D:2)
12 creatures vanquished.

Grand Total: 34 creatures vanquished

Notes
Turn   | Place    | Note
-------+----------+-------------------------------------------
     0 | D:1      | pkoi the Draconian Monk began the quest for the Orb.
     0 | D:1      | Reached XP level 1. HP: 19/19 MP: 1/1
   321 | D:1      | Reached XP level 2. HP: 26/26 MP: 2/2
   405 | D:1      | Found Fulukin's Book Shoppe.
   765 | D:2      | Reached skill level 4 in Unarmed Combat
  1117 | D:2      | Reached XP level 3. HP: 25/31 MP: 3/3
  1413 | D:2      | HP: 1/31 [poisoned by an adder]
  1414 | D:2      | Succumbed to an adder's poison

Illustrated notes

Levels and vault maps discovered:
D:1:      mainiacjoe_arrival_reflecting_pool, layout_rooms, serial_shops,
          nicolae_shop_hallway_plus
D:2:      wad_woods_settlement, layout_basic, minmay_pentomino_o2

Skill      XL: |  1  2 |
---------------+-------+-----
Unarmed Combat | 4 |  4.5
Fighting       | |  3.2
Dodging        | |  2.6
Stealth        | |  1.7

Action                   || total
-------------------------++-------
Melee: Unarmed           ||    91
       Tailslap          ||    11
       Punch             ||     1
  Use: Potion            ||     1
 Stab: Sleeping          ||     2
Armor: Skin              ||    36
Dodge: Dodged            ||    64
